[Event "Titled Tuesday Blitz March 28 Late 2023"]
[White "Abduzhaparov"]
[Black "Sanchez Alvares, Kelvin Antonio"]
[BlackFideId "3906680"]
[WhiteElo "2397"]
[BlackElo "2217"]
[Result "1-0"]
[Round "11"]
[TimeControl "180+2"]
[Date "2023.03.28"]
[WhiteClock "0:01:42"]
[BlackClock "0:02:04"]

1. Nf3 c5 2. c4 g6 3. d4 Bg7 4. e4 cxd4 5. Nxd4 Nc6 6. Be3 d6 7. Nc3 Nf6 8. Be2 O-O 9. O-O Nxd4 10. Bxd4 Bd7 11. h3 Bc6 12. Qc2 a5 13. Rad1 Nd7 14. Bxg7 Kxg7 15. Bg4 Ne5 16. c5 Nxg4 17. hxg4 Qd7 18. cxd6 exd6 19. f3 Qc7 20. Rd4 Qb6 21. Qf2 Rad8 22. Rfd1 Qc5 23. Rxd6 Qxd6 24. Rxd6 Rxd6 25. Qc5 Rfd8 26. Qxa5 Rd2 27. Nd5 Rd1+ 28. Kh2 Rf8 29. Qc3+ f6 30. Nxf6 1-0


[Site "https://www.chess.com"]

[Event "Titled Tuesday Blitz March 28 Late 2023"]
[White "Fan_Of_Chucky"]
[Black "Remolar Gallen, Jose"]
[BlackFideId "2215187"]
[WhiteElo "2394"]
[BlackElo "2223"]
[Result "0-1"]
[Round "11"]
[TimeControl "180+2"]
[Date "2023.03.28"]
[WhiteClock "0:00:01"]
[BlackClock "0:00:32"]

1. d4 f5 2. c4 Nf6 3. Nf3 e6 4. g3 Bb4+ 5. Bd2 a5 6. Bg2 O-O 7. O-O Ne4 8. Nc3 Nxd2 9. Nxd2 Nc6 10. d5 Ne5 11. e4 f4 12. Qe2 d6 13. Nf3 Nxf3+ 14. Bxf3 e5 15. a3 Bxc3 16. bxc3 Bh3 17. Rfd1 Qf6 18. Rd3 Qg5 19. Bg2 Bxg2 20. Kxg2 Rf6 21. Rf3 Raf8 22. Rf1 b6 23. a4 Qh5 24. Qd3 g5 25. Qd1 g4 26. Rd3 f3+ 27. Kh1 Rh6 28. h4 Rf4 29. Kh2 Qg6 30. Re3 Rxe4 31. Qd3 Rxe3 32. Qxg6+ hxg6 33. fxe3 g5 34. Rf2 Kf7 0-1


[Site "https://www.chess.com"]

[Event "Titled Tuesday Blitz March 28 Late 2023"]
[White "ArturoCaceres"]
[Black "Graif, William"]
[BlackFideId "2609835"]
[WhiteElo "2396"]
[BlackElo "2205"]
[Result "0-1"]
[Round "11"]
[TimeControl "180+2"]
[Date "2023.03.28"]
[WhiteClock "0:00:07"]
[BlackClock "0:00:09"]

1. d4 Nf6 2. Bf4 c5 3. e3 Qb6 4. Nd2 cxd4 5. Ngf3 dxe3 6. Bxe3 Qa5 7. a3 d5 8. b4 Qc7 9. c4 e6 10. Rc1 Qd8 11. Be2 Be7 12. g4 Nxg4 13. Bd4 Bf6 14. Rg1 Bxd4 15. Nxd4 Nxf2 16. Qb3 Ne4 17. cxd5 Qh4+ 18. Rg3 Nxg3 19. N2f3 Qd8 20. Bb5+ Bd7 21. dxe6 Bxb5 22. exf7+ Kf8 23. Ne6+ Ke7 24. Nxd8 Rxd8 25. hxg3 Nc6 26. Qe3+ Kf8 27. Qf4 Bd3 28. Rd1 Bg6 29. Rd6 Rxd6 30. Qxd6+ Kxf7 31. Ne5+ Nxe5 32. Qc7+ Kf8 33. Qd6+ Kf7 34. Qc7+ Kf8 35. Qxb7 Re8 36. Qxa7 Nc6+ 0-1


[Site "https://www.chess.com"]

[Event "Titled Tuesday Blitz March 28 Late 2023"]
[White "Romkachess"]
[Black "Guzman Moneo, Alberto"]
[BlackFideId "2209616"]
[WhiteElo "2503"]
[BlackElo "2157"]
[Result "1/2-1/2"]
[Round "11"]
[TimeControl "180+2"]
[Date "2023.03.28"]
[WhiteClock "0:01:16"]
[BlackClock "0:01:17"]

1. e4 c5 2. Nf3 Nc6 3. Nc3 g6 4. d4 cxd4 5. Nxd4 Bg7 6. Be3 Nf6 7. Bc4 O-O 8. Bb3 d6 9. f3 Qa5 10. Qd2 Nxd4 11. Bxd4 Be6 12. O-O-O b5 13. Kb1 b4 14. Nd5 Bxd5 15. exd5 Qb5 16. Qd3 Qxd3 17. Rxd3 Nd7 18. Bf2 a5 19. f4 Rfc8 20. Ba4 Nc5 21. Bxc5 Rxc5 22. Re1 Ra7 23. g3 h5 24. Re2 Rac7 25. Rf2 Bf6 26. f5 g5 27. Re2 Kg7 28. Re4 Rc4 29. Rde3 R7c5 30. Bb3 Rxe4 31. Rxe4 a4 32. Bc4 a3 33. b3 Kf8 34. h3 Be5 35. g4 hxg4 36. hxg4 Kg7 37. Re1 Rc8 38. Rh1 Rh8 39. Rxh8 Kxh8 40. Kc1 Kg7 41. Kd2 Kf6 42. Ke3 Bc3 43. Ke4 Bb2 44. Bf1 Bc3 45. Bg2 Be1 46. Bf1 Bc3 47. Bg2 Be1 48. Bf1 Bc3 1/2-1/2


[Site "https://www.chess.com"]

[Event "Titled Tuesday Blitz March 28 Late 2023"]
[White "Nery Junior, Jose Antonio"]
[Black "Pires, Marcos Vinicius Torsani"]
[WhiteFideId "2104822"]
[BlackFideId "2118939"]
[WhiteElo "2197"]
[BlackElo "2273"]
[Result "1-0"]
[Round "11"]
[TimeControl "180+2"]
[Date "2023.03.28"]
[WhiteClock "0:00:11"]
[BlackClock "0:00:11"]

1. e4 c5 2. Nf3 g6 3. d4 cxd4 4. Nxd4 Nc6 5. Nc3 Bg7 6. Nxc6 bxc6 7. Bc4 Qa5 8. Qf3 Nf6 9. O-O O-O 10. Re1 d6 11. h3 Rb8 12. Bb3 Nd7 13. Bd2 Qc7 14. Bf4 Ne5 15. Qe2 Be6 16. Rad1 Qa5 17. Bd2 Qc7 18. f4 Bxb3 19. axb3 Nd7 20. Be3 Rb7 21. Ra1 Rfb8 22. Ra6 c5 23. Nd5 Qd8 24. Ra2 Nf6 25. Nc3 Nd7 26. Kh1 Rc8 27. Rea1 Ra8 28. Nd5 Nf6 29. Nc3 Qd7 30. Qd3 Qc6 31. Nd5 Nxd5 32. exd5 Qd7 33. Ra6 Bxb2 34. R1a2 Bf6 35. Bd2 Qf5 36. Qxf5 gxf5 37. Kg1 Bd4+ 38. Kf1 Kg7 39. Ke2 Kf6 40. Kf3 Kg6 41. g3 Bf6 42. Be1 h5 43. Bd2 Rb4 44. Bxb4 cxb4 45. R2a4 Bc3 46. Rc6 Rb8 47. Rxa7 Rb5 48. Rxe7 Rxd5 49. Re3 Rd2 50. Rcxc3 bxc3 51. Rxc3 d5 52. Ke3 Rg2 53. Kf3 Rd2 54. b4 h4 55. gxh4 Rd4 56. Rb3 Rc4 57. c3 d4 58. cxd4 Rxd4 59. b5 Rd7 60. b6 Rb7 61. Ke3 Kh5 62. Kd4 Kxh4 63. Ke5 Kh5 64. Kxf5 f6 65. Kxf6 Kh4 66. f5 Kh5 67. Ke6 Kg5 68. f6 Kg6 69. Kd6 Kxf6 70. Kc6 Rh7 71. b7 1-0


[Site "https://www.chess.com"]

[Event "Titled Tuesday Blitz March 28 Late 2023"]
[White "Golubev, Mikhail"]
[Black "Smith, Garrett L"]
[WhiteFideId "14100983"]
[BlackFideId "2024829"]
[WhiteElo "2374"]
[BlackElo "2340"]
[Result "1-0"]
[Round "11"]
[TimeControl "180+2"]
[Date "2023.03.28"]
[WhiteClock "0:00:21"]
[BlackClock "0:00:39"]

1. e4 c5 2. Nf3 Nc6 3. Nc3 e5 4. Bc4 Be7 5. d3 Nf6 6. Ng5 O-O 7. h4 Nd4 8. Nd5 h6 9. Nxf6+ Bxf6 10. Qh5 Ne6 11. Nf3 Nf4 12. Bxf4 exf4 13. e5 Be7 14. O-O-O d5 15. exd6 Qxd6 16. Ng5 Qf6 17. Rde1 Bf5 18. Nxf7 Rxf7 19. Qxf7+ Qxf7 20. Rxe7 Rf8 21. Rxf7 Rxf7 22. Re1 Kf8 23. Bxf7 Kxf7 24. Re5 1-0


[Site "https://www.chess.com"]

[Event "Titled Tuesday Blitz March 28 Late 2023"]
[White "Gatterer, Florian"]
[Black "Skaric, Djuro"]
[WhiteFideId "811688"]
[BlackFideId "934569"]
[WhiteElo "2221"]
[BlackElo "2282"]
[Result "1/2-1/2"]
[Round "11"]
[TimeControl "180+2"]
[Date "2023.03.28"]
[WhiteClock "0:00:13"]
[BlackClock "0:00:13"]

1. d4 d6 2. e4 g6 3. Nc3 Bg7 4. Be3 Nf6 5. Qd2 h5 6. f3 Nc6 7. O-O-O e5 8. Nge2 O-O 9. h4 exd4 10. Nxd4 Nxd4 11. Bxd4 Be6 12. Be2 a6 13. g4 hxg4 14. h5 Nxh5 15. Bxg7 Nxg7 16. Qh6 f5 17. Qxg6 Qf6 18. Qh7+ Kf7 19. exf5 Qxf5 20. Qxf5+ Bxf5 21. fxg4 Be6 22. Nd5 Bxd5 23. Rxd5 Rae8 24. Bd3 Re5 25. Rxe5 dxe5 26. Be4 b6 27. Kd2 Rd8+ 28. Ke3 Rd6 29. g5 Ne6 30. Rh7+ Kg8 31. g6 c5 32. Re7 Nf8 33. g7 Nh7 34. c4 Nf6 35. Rxe5 Nxe4 36. Kxe4 Kxg7 37. Re7+ Kf6 38. Ra7 Rd4+ 39. Ke3 Rxc4 40. Rxa6 Rb4 41. b3 Ke5 42. Kd3 Rd4+ 43. Kc3 b5 44. a3 Kd5 45. Ra8 Rh4 46. Rd8+ Kc6 47. Rc8+ Kb6 48. Rd8 Kc7 49. Rd3 Re4 50. Rg3 Kc6 51. Rg6+ Kd5 52. Rg5+ Kd6 53. Rg6+ Kc7 54. Rg7+ Kb6 55. Rg6+ Ka5 56. Rg3 b4+ 57. axb4+ cxb4+ 58. Kd3 Re5 59. Kd4 Rh5 60. Rg4 Kb5 61. Re4 Rc5 62. Re5 Rxe5 63. Kxe5 Kc5 64. Ke4 Kb5 65. Kd4 Kc6 66. Kc4 Kb6 67. Kxb4 Kc6 68. Kc4 Kb6 69. b4 Kc6 70. b5+ Kb6 71. Kb4 Kb7 72. Kc5 Kc7 73. b6+ Kb7 74. Kb5 Kb8 75. Kc6 Kc8 76. b7+ Kb8 77. Kb6 1/2-1/2


[Site "https://www.chess.com"]

[Event "Titled Tuesday Blitz March 28 Late 2023"]
[White "Skvortsov, Andrei"]
[Black "Wu, Sibo"]
[WhiteFideId "24108600"]
[BlackFideId "8606048"]
[WhiteElo "2259"]
[BlackElo "2300"]
[Result "1-0"]
[Round "11"]
[TimeControl "180+2"]
[Date "2023.03.28"]
[WhiteClock "0:00:50"]
[BlackClock "0:00:10"]

1. g3 d5 2. Bg2 Nf6 3. c4 c6 4. cxd5 cxd5 5. Nf3 Nc6 6. d4 h5 7. O-O Bf5 8. Nc3 e6 9. Bg5 Be7 10. h4 Ne4 11. Nxe4 dxe4 12. Bxe7 Kxe7 13. Ng5 Qxd4 14. Nxe4 Bxe4 15. Qxd4 Nxd4 16. Bxe4 Nxe2+ 17. Kg2 f5 18. Rfe1 Nd4 19. Rad1 Rhd8 20. Bd3 Rac8 21. Re3 Kf6 22. Rde1 a6 23. Bb1 b5 24. Ra3 Rc6 25. Rd1 e5 26. Bd3 Rdc8 27. Rd2 e4 28. Bxe4 fxe4 29. Rxd4 Kf5 30. Rd5+ Kf6 31. Rxh5 Rd8 32. Rg5 Rd2 33. Rg4 Re6 34. Rf4+ Ke7 35. Re3 Rxb2 36. Rfxe4 Rxe4 37. Rxe4+ Kf6 38. a3 Rb3 39. a4 b4 40. Rf4+ Kg6 41. Rc4 Rb1 42. Rc6+ Kf5 43. Rxa6 b3 44. f3 Rc1 45. Rb6 Rc2+ 46. Kh3 b2 47. a5 g5 48. hxg5 Kxg5 49. a6 Rd2 50. a7 1-0


[Site "https://www.chess.com"]

[Event "Titled Tuesday Blitz March 28 Late 2023"]
[White "Krstulovic, Alex"]
[Black "Onslow, Alfie"]
[WhiteFideId "760056"]
[BlackFideId "436976"]
[WhiteElo "2311"]
[BlackElo "2114"]
[Result "1-0"]
[Round "11"]
[TimeControl "180+2"]
[Date "2023.03.28"]
[WhiteClock "0:00:14"]
[BlackClock "0:00:04"]

1. e4 g6 2. d4 Bg7 3. Nc3 c6 4. h3 d5 5. e5 h5 6. f4 Nh6 7. Nf3 Nf5 8. Bd3 Ng3 9. Rg1 h4 10. Be3 Bf5 11. Bf2 Bxd3 12. Qxd3 Nf5 13. O-O-O e6 14. Ne2 Qa5 15. Kb1 Nd7 16. Ng5 c5 17. dxc5 Nxc5 18. Qc3 Qxc3 19. Nxc3 Rc8 20. Nb5 a6 21. Nd4 Nxd4 22. Bxd4 Bh6 23. Bxc5 Rxc5 24. Rd4 Ke7 25. Nf3 Bg7 26. Re1 b5 27. c3 Kd7 28. Kc2 Rc4 29. Kd3 Rxd4+ 30. cxd4 Bh6 31. Ke3 Rc8 32. Re2 b4 33. Ng5 Bxg5 34. fxg5 Rc1 35. Rd2 Ra1 36. b3 Rc1 37. Kf4 Rf1+ 38. Kg4 a5 39. Kxh4 Rf4+ 40. g4 Rf5 41. gxf5 1-0


[Site "https://www.chess.com"]

[Event "Titled Tuesday Blitz March 28 Late 2023"]
[White "Torres Boch, Jose Francisco"]
[Black "a-z30"]
[WhiteFideId "2278383"]
[WhiteElo "2073"]
[BlackElo "2478"]
[Result "0-1"]
[Round "11"]
[TimeControl "180+2"]
[Date "2023.03.28"]
[WhiteClock "0:01:52"]
[BlackClock "0:01:26"]

1. e4 d6 2. d4 Nf6 3. Nc3 g6 4. Nf3 Bg7 5. Be3 O-O 6. Qd2 Bg4 7. O-O-O Nc6 8. Be2 Bxf3 9. Bxf3 e5 10. d5 Nd4 11. Bxd4 exd4 12. Qxd4 Re8 13. Qd3 Nd7 14. h4 h5 15. Ne2 Nc5 16. Qd2 Nxe4 17. Bxe4 Rxe4 18. f3 Qf6 19. c3 Rxh4 20. g4 Rxh1 21. Rxh1 Qxf3 22. Rg1 hxg4 23. Nd4 Qxd5 24. Rxg4 Qxa2 25. Nf5 Qe6 26. Nxg7 Qxg4 0-1


[Site "https://www.chess.com"]

[Event "Titled Tuesday Blitz March 28 Late 2023"]
[White "Zampronha, Wladimir Camilo"]
[Black "Quinones Garcia, Santiago"]
[WhiteFideId "2103087"]
[BlackFideId "4408497"]
[WhiteElo "2176"]
[BlackElo "2263"]
[Result "1-0"]
[Round "11"]
[TimeControl "180+2"]
[Date "2023.03.28"]
[WhiteClock "0:00:15"]
[BlackClock "0:00:40"]

1. e4 e5 2. Nf3 Nc6 3. d4 exd4 4. Nxd4 Nf6 5. Nxc6 bxc6 6. e5 Qe7 7. Qe2 Nd5 8. c4 Ba6 9. b3 Nb4 10. a3 Nd5 11. g3 g6 12. Bg2 Bg7 13. Bb2 O-O 14. O-O Rae8 15. Re1 Nb6 16. Nd2 f6 17. e6 dxe6 18. Bxc6 Rd8 19. Bg2 e5 20. a4 Nd7 21. Ba3 c5 22. Bd5+ Kh8 23. Ne4 Rc8 24. Nc3 Nb6 25. Rad1 f5 26. Nb5 Bxb5 27. axb5 e4 28. Bb2 Rcd8 29. Bxg7+ Qxg7 30. Bc6 Rd4 31. Ra1 Rfd8 32. Qe3 g5 33. Ra2 f4 34. Qe2 Qe5 35. Qh5 Qg7 36. Bxe4 Qe7 37. Rae2 Qg7 38. Bxh7 Rf8 39. Bf5+ Kg8 40. Be6+ Rf7 41. Bxf7+ Qxf7 42. Re8+ Kg7 43. R8e7 1-0


[Site "https://www.chess.com"]

[Event "Titled Tuesday Blitz March 28 Late 2023"]
[White "Sarkar, Justin"]
[Black "Hoffmann, Asa"]
[WhiteFideId "2010011"]
[BlackFideId "2001470"]
[WhiteElo "2189"]
[BlackElo "2117"]
[Result "0-1"]
[Round "11"]
[TimeControl "180+2"]
[Date "2023.03.28"]
[WhiteClock "0:00:03"]
[BlackClock "0:00:26"]

1. d4 Nf6 2. Nf3 d6 3. c4 c6 4. Nc3 Bg4 5. e4 Nbd7 6. h3 Bh5 7. Be2 e5 8. O-O Be7 9. Be3 O-O 10. d5 c5 11. Nd2 Bg6 12. a3 Ne8 13. b4 Bg5 14. Bxg5 Qxg5 15. Nb3 b6 16. Qc1 Qh4 17. Qe3 f5 18. exf5 Bxf5 19. Nd2 Qd4 20. Nb5 Qxe3 21. fxe3 a6 22. Nc3 Bg6 23. Bg4 Nef6 24. Be6+ Kh8 25. Rf2 Rad8 26. Raf1 Rfe8 27. g4 Nf8 28. Bf5 Bxf5 29. Rxf5 Ng6 30. g5 Nd7 31. Nde4 Ndf8 32. Rf7 Kg8 33. Rb7 cxb4 34. axb4 a5 35. Rff7 axb4 36. Rxg7+ Kh8 37. Nf6 Nd7 38. Rgxd7 Rxd7 39. Rxd7 Nf8 40. Rxd6 bxc3 41. Rc6 c2 42. Nxe8 c1=Q+ 43. Kf2 Qd2+ 44. Kf3 Qd1+ 45. Ke4 Qh1+ 46. Kxe5 Qxh3 47. Nf6 Qg3+ 48. Kd4 Qxg5 49. e4 h5 50. e5 Qf4+ 0-1


[Site "https://www.chess.com"]

[Event "Titled Tuesday Blitz March 28 Late 2023"]
[White "Kozin, Yuri"]
[Black "sebastianmarinp"]
[WhiteFideId "4129920"]
[WhiteElo "2415"]
[BlackElo "2304"]
[Result "1-0"]
[Round "11"]
[TimeControl "180+2"]
[Date "2023.03.28"]
[WhiteClock "0:01:02"]
[BlackClock "0:00:23"]

1. e4 e5 2. Nf3 Nc6 3. Bb5 a6 4. Ba4 Nf6 5. O-O b5 6. Bb3 Bb7 7. d3 Be7 8. a4 O-O 9. Nc3 Na5 10. Ba2 b4 11. Ne2 b3 12. Bxb3 Nxb3 13. cxb3 d5 14. Nxe5 dxe4 15. dxe4 Nxe4 16. Ng3 Bd6 17. Nc4 Bc5 18. Be3 Bxe3 19. Nxe3 Qe7 20. Re1 Rfd8 21. Qg4 Nxg3 22. Qxg3 Qf6 23. Qxc7 Be4 24. Qc3 Qg6 25. Qe5 Rd2 26. Rad1 Rxb2 27. Qxb2 1-0


[Site "https://www.chess.com"]

[Event "Titled Tuesday Blitz March 28 Late 2023"]
[White "Melikhov, Evgeny V."]
[Black "Jimenez, Joaquin"]
[WhiteFideId "4122046"]
[BlackFideId "109860"]
[WhiteElo "2158"]
[BlackElo "2163"]
[Result "1/2-1/2"]
[Round "11"]
[TimeControl "180+2"]
[Date "2023.03.28"]
[WhiteClock "0:00:19"]
[BlackClock "0:01:05"]

1. d4 Nf6 2. c4 g6 3. Nc3 Bg7 4. e4 d6 5. f3 O-O 6. Be3 Nbd7 7. Qd2 c5 8. d5 Ne5 9. Bh6 a6 10. h4 Nh5 11. Bxg7 Kxg7 12. Bd3 Ng3 13. Rh2 b5 14. cxb5 Nxd3+ 15. Qxd3 axb5 16. Nge2 Nxe2 17. Qxe2 Ba6 18. Qe3 b4 19. Ne2 Bxe2 20. Kxe2 h5 21. g4 Rh8 22. g5 Qb6 23. f4 Rhb8 24. Kf3 c4 25. Qxb6 Rxb6 26. Rc2 Rc8 27. Rac1 b3 28. axb3 Rxb3+ 29. Rc3 Rxb2 30. Rxc4 Rcb8 31. Rc7 R8b3+ 32. R1c3 Rxc3+ 33. Rxc3 Rb7 34. f5 f6 35. Kf4 fxg5+ 36. Kxg5 gxf5 37. exf5 Rb5 38. Kxh5 Kf6 39. Re3 Rxd5 40. Re6+ Kf7 41. Kg5 Rd1 42. h5 Rg1+ 43. Kf4 Rf1+ 44. Kg5 Rg1+ 45. Kf4 Rf1+ 46. Kg5 Rg1+ 1/2-1/2


[Site "https://www.chess.com"]

[Event "Titled Tuesday Blitz March 28 Late 2023"]
[White "Lorenzo De La Riva, Lazaro"]
[Black "Skibbe, Willi"]
[WhiteFideId "2268809"]
[BlackFideId "4682190"]
[WhiteElo "2294"]
[BlackElo "2315"]
[Result "1-0"]
[Round "11"]
[TimeControl "180+2"]
[Date "2023.03.28"]
[WhiteClock "0:02:45"]
[BlackClock "0:02:31"]

1. d4 d5 2. Bf4 c5 3. Nc3 Nf6 4. e3 a6 5. dxc5 Qa5 6. Nf3 Qxc5 7. Nd4 Nc6 8. Nb3 Qb6 9. Nxd5 Nxd5 10. Qxd5 Be6 11. Qc5 1-0


[Site "https://www.chess.com"]

[Event "Titled Tuesday Blitz March 28 Late 2023"]
[White "Nikolova, Adriana"]
[Black "OKEKE, Isaac Chukwudalu"]
[WhiteFideId "2908689"]
[BlackFideId "8508526"]
[WhiteElo "2213"]
[BlackElo "2161"]
[Result "0-1"]
[Round "11"]
[TimeControl "180+2"]
[Date "2023.03.28"]
[WhiteClock "0:00:13"]
[BlackClock "0:00:09"]

1. d4 Nf6 2. Bf4 g6 3. e3 Bg7 4. Nf3 d5 5. h3 O-O 6. Bd3 c5 7. c3 Nc6 8. Ne5 Nd7 9. Nxc6 bxc6 10. Nd2 cxd4 11. cxd4 e5 12. dxe5 Nxe5 13. Be2 Qb6 14. O-O Qxb2 15. Nb3 Nc4 16. Nd4 Nd2 17. Re1 c5 18. Nc6 Qxa1 19. Qxd2 Qc3 20. Qxc3 Bxc3 21. Rd1 d4 22. exd4 cxd4 23. Bf3 Be6 24. Ne7+ Kg7 25. Bxa8 Rxa8 26. Nc6 Bxa2 27. Nxd4 a5 28. Be5+ Kg8 29. Rd3 Rc8 30. g4 a4 31. Nc6 Bxe5 32. Ne7+ Kg7 33. Nxc8 Bb2 34. Rd7 a3 35. Ra7 Bd5 36. Nd6 a2 37. Nb5 a1=Q+ 38. Rxa1 Bxa1 39. Na3 Bc3 40. Nc2 Be4 41. Ne3 Bd4 42. Nc4 Bd5 43. Nd2 f5 44. gxf5 gxf5 45. Kf1 Kf6 46. h4 f4 47. Nb1 Bc4+ 48. Kg2 Bd5+ 49. Kf1 Kf5 50. Nd2 Bc5 51. Nb1 Bb4 52. Ke2 Ba2 53. Nd2 Bxd2 54. Kxd2 Kg4 55. Ke2 Bc4+ 56. Ke1 Kxh4 57. Kd2 Kg4 58. Kc3 Be2 59. Kd4 Kf3 60. Ke5 h5 61. Kf5 h4 62. Kg5 h3 63. Kf5 h2 64. Ke5 h1=Q 65. Kf6 Qf1 66. Kf5 Qxf2 67. Ke5 Qc5+ 68. Kf6 Bc4 69. Kg7 Ke4 70. Kh6 Kf5 71. Kg7 Qe7+ 72. Kh8 Be2 73. Kg8 Kg6 74. Kh8 Qg7# 0-1


[Site "https://www.chess.com"]

[Event "Titled Tuesday Blitz March 28 Late 2023"]
[White "Osmonbekov, Talaibek"]
[Black "Ansh M Shah"]
[WhiteFideId "2017253"]
[BlackFideId "25033379"]
[WhiteElo "2135"]
[BlackElo "2084"]
[Result "1-0"]
[Round "11"]
[TimeControl "180+2"]
[Date "2023.03.28"]
[WhiteClock "0:01:39"]
[BlackClock "0:02:21"]

1. d4 Nf6 2. Bf4 g6 3. Nc3 d6 4. e4 Bg7 5. Qd2 O-O 6. O-O-O Nc6 7. Nf3 Re8 8. h3 a6 9. g4 b5 10. Qe3 Bb7 11. Be2 Nd7 12. Bg5 Nb6 13. h4 b4 14. Nd5 Nxd5 15. exd5 Nb8 16. h5 Bxd5 17. hxg6 fxg6 18. Kb1 e5 19. Bxd8 1-0


[Site "https://www.chess.com"]

[Event "Titled Tuesday Blitz March 28 Late 2023"]
[White "sissahungrychess"]
[Black "Mendez Machado, Andre"]
[BlackFideId "6603793"]
[WhiteElo "2383"]
[BlackElo "1984"]
[Result "1-0"]
[Round "11"]
[TimeControl "180+2"]
[Date "2023.03.28"]
[WhiteClock "0:00:25"]
[BlackClock "0:00:01"]

1. c4 e5 2. g3 Nf6 3. Bg2 c6 4. Nf3 e4 5. Nd4 Qb6 6. Nc2 d5 7. cxd5 cxd5 8. d3 Bc5 9. O-O O-O 10. Nc3 Ng4 11. e3 Qh6 12. h3 Nf6 13. dxe4 Bxh3 14. Nxd5 Bxg2 15. Nxf6+ Qxf6 16. Kxg2 Nc6 17. Qf3 Qg6 18. Qf5 Qd6 19. Qd5 Qe7 20. a3 Rad8 21. Qf5 g6 22. Qf4 Bd6 23. Qf3 Ne5 24. Qe2 Nc6 25. f3 Qg5 26. Qf2 Rfe8 27. Nd4 Bc5 28. Rd1 Qf6 29. b4 Bxd4 30. exd4 Nxd4 31. Bb2 Qc6 32. Bxd4 Qe6 33. Bxa7 Rc8 34. Be3 Qb3 35. Rd2 h5 36. Rb2 Qa4 37. Rc1 Rcd8 38. Rd2 Ra8 39. Bh6 Qxa3 40. Qd4 1-0


[Site "https://www.chess.com"]

[Event "Titled Tuesday Blitz March 28 Late 2023"]
[White "Svicevic, Rastko"]
[Black "Jorajuria Mendoza, Algol"]
[WhiteFideId "916315"]
[BlackFideId "5128897"]
[WhiteElo "2071"]
[BlackElo "2076"]
[Result "0-1"]
[Round "11"]
[TimeControl "180+2"]
[Date "2023.03.28"]
[WhiteClock "0:00:02"]
[BlackClock "0:00:51"]

1. d4 d5 2. Bg5 h6 3. Bh4 Nf6 4. Bxf6 exf6 5. e3 Be6 6. g3 Bd6 7. Bg2 O-O 8. Ne2 c6 9. O-O Nd7 10. Nd2 Re8 11. Nf4 Bf5 12. c4 dxc4 13. Nxc4 Bxf4 14. gxf4 Be6 15. Rc1 Qe7 16. Qd3 Rad8 17. f5 Bxc4 18. Rxc4 Nb6 19. Rc2 Qb4 20. a3 Qa5 21. Rd1 Nd5 22. Rc5 Qb6 23. Qc2 Ne7 24. b4 a6 25. e4 Rd6 26. e5 fxe5 27. dxe5 Rxd1+ 28. Qxd1 Nxf5 29. Qd7 Qd8 30. Qxf5 Qd1+ 31. Bf1 Qa1 32. Qf4 Qxa3 33. Kg2 Re6 34. h3 Rg6+ 35. Kh2 Qa1 36. Rc1 Qb2 37. Bc4 Kh8 38. Bxf7 Rg5 39. Bc4 Qxe5 40. Qxe5 Rxe5 41. Kg3 g5 42. Bd3 Kg7 0-1


[Site "https://www.chess.com"]

[Event "Titled Tuesday Blitz March 28 Late 2023"]
[White "Manu_ChessExcelsior"]
[Black "Muhammad, Shahzeb"]
[BlackFideId "7804806"]
[WhiteElo "2131"]
[BlackElo "2285"]
[Result "1-0"]
[Round "11"]
[TimeControl "180+2"]
[Date "2023.03.28"]
[WhiteClock "0:00:08"]
[BlackClock "0:00:37"]

1. e4 d5 2. exd5 Nf6 3. d4 Nxd5 4. c4 Nb6 5. Be3 e5 6. dxe5 Qxd1+ 7. Kxd1 Nc6 8. f4 Be6 9. Nd2 O-O-O 10. b3 Ba3 11. Be2 Rd7 12. Ke1 Nd4 13. Bd1 Nf5 14. Bf2 Rhd8 15. Ne4 Bb4+ 16. Ke2 Nd4+ 17. Kf1 Bf5 18. Bf3 Nxf3 19. gxf3 Rd1+ 20. Rxd1 Rxd1+ 21. Kg2 Ra1 22. a4 h6 23. Ne2 Bh3+ 24. Kxh3 Rxh1 25. Nd4 Rd1 26. Nf5 Bf8 27. Kg2 Rd3 28. Nd4 Bc5 29. Nxc5 Rd2 30. Ne4 Rd1 31. Kg3 Nd7 32. Be3 Rd3 33. Kf2 c5 34. Ke2 Rxe3+ 35. Kxe3 cxd4+ 36. Kxd4 Kc7 37. b4 Kc6 38. a5 Nf8 39. b5+ Kd7 40. Kd5 b6 41. axb6 axb6 42. c5 bxc5 43. Nxc5+ Kc7 44. f5 g6 45. e6 Kd8 46. b6 gxf5 47. b7 fxe6+ 48. Nxe6+ Nxe6 49. Kxe6 Kc7 50. Kxf5 Kxb7 51. Ke6 Kc7 52. Ke7 Kc6 53. f4 Kd5 54. f5 Ke5 55. f6 Kf5 56. f7 Kg5 57. f8=Q Kh5 58. Qf3+ Kh4 59. Qg3+ Kh5 60. Qh3+ Kg5 61. Kf7 h5 62. Kg7 h4 63. Kh7 Kh5 64. Qf5# 1-0


[Site "https://www.chess.com"]

[Event "Titled Tuesday Blitz March 28 Late 2023"]
[White "Khandelwal, Ankush"]
[Black "Zavortink, Matt"]
[WhiteFideId "413470"]
[BlackFideId "2034263"]
[WhiteElo "2263"]
[BlackElo "2361"]
[Result "1-0"]
[Round "11"]
[TimeControl "180+2"]
[Date "2023.03.28"]
[WhiteClock "0:00:10"]
[BlackClock "0:00:01"]

1. e4 e6 2. d4 d5 3. Nc3 Nf6 4. e5 Nfd7 5. f4 c5 6. Nf3 Nc6 7. Be3 cxd4 8. Nxd4 Qb6 9. Qd2 Qxb2 10. Rb1 Qa3 11. Bb5 Nxd4 12. Bxd4 a6 13. Bxd7+ Bxd7 14. Rb3 Qe7 15. Rxb7 Qd8 16. Bb6 Qc8 17. Rc7 Qd8 18. Qd4 Ba3 19. Nb1 Be7 20. c4 O-O 21. cxd5 exd5 22. Nc3 Be6 23. f5 Bxf5 24. Nxd5 Bh4+ 25. g3 Be6 26. Rc5 Qg5 27. gxh4 Qg2 28. Rg1 Qxh2 29. Rc3 Rab8 30. Rcg3 g6 31. Nf6+ Kh8 32. a4 Rfd8 33. R3g2 Rxd4 34. Rxh2 Rxb6 35. Rc2 Rb1+ 36. Kf2 Rf4+ 37. Kg3 Rxg1+ 38. Kxf4 Kg7 39. Rb2 Ra1 40. Rb8 Rxa4+ 41. Kg3 Ra5 42. Rg8+ Kh6 43. Rh8 g5 44. Rxh7+ Kg6 45. h5+ Kf5 46. h6 Rxe5 47. Ng4 Ra5 48. Rg7 Ra3+ 49. Kf2 Kxg4 50. h7 1-0


[Site "https://www.chess.com"]

[Event "Titled Tuesday Blitz March 28 Late 2023"]
[White "Gonzalez, Francisco Silva"]
[Black "Kohler, Aran"]
[WhiteFideId "1512285"]
[BlackFideId "1002856"]
[WhiteElo "2074"]
[BlackElo "2304"]
[Result "1-0"]
[Round "11"]
[TimeControl "180+2"]
[Date "2023.03.28"]
[WhiteClock "0:00:20"]
[BlackClock "0:00:03"]

1. d4 Nf6 2. c4 c5 3. d5 e6 4. Nc3 exd5 5. cxd5 d6 6. Nf3 g6 7. Bf4 a6 8. a4 Bg7 9. h3 O-O 10. e3 Re8 11. Nd2 Nh5 12. Bh2 Be5 13. Bxe5 Rxe5 14. Be2 Ng7 15. e4 f5 16. O-O fxe4 17. Ndxe4 Bf5 18. Bf3 Qe7 19. Re1 Nd7 20. a5 Re8 21. Qd2 Kh8 22. Re3 Bxe4 23. Rxe4 Nf5 24. Rae1 Nd4 25. Bd1 Rxe4 26. Rxe4 Qf7 27. Qe3 Rxe4 28. Qxe4 Ne5 29. f4 Nc4 30. b4 Nd2 31. Qe3 Nc4 32. Qf2 Qf6 33. bxc5 dxc5 34. Ne4 Qe7 35. Bf3 Kg7 36. Qa2 Nd6 37. Nxd6 Nxf3+ 38. gxf3 Qxd6 39. Qc4 g5 40. fxg5 Qg3+ 41. Kf1 Qxf3+ 42. Ke1 Qe3+ 43. Kd1 Qxg5 44. Qxc5 Qh5+ 45. Kd2 Qxh3 46. Qc7+ Kg6 47. Qxb7 Qg2+ 48. Kc3 h5 49. Qc6+ Kg5 50. Qc5 Qf3+ 51. Kb4 Qe4+ 52. Kc3 Qf3+ 53. Kd2 Qg2+ 54. Kd3 Qf1+ 55. Ke4 Qf5+ 56. Kd4 Qf4+ 57. Kc3 Qc1+ 58. Kd4 Qf4+ 59. Kd3 Qf1+ 60. Kd2 Qg2+ 61. Kd1 h4 62. d6+ Kg4 63. Qd4+ Kg3 64. d7 Qf1+ 65. Kd2 Qg2+ 66. Kd3 Qf1+ 67. Kc2 Qe2+ 68. Kc3 Qe1+ 69. Qd2 Qe5+ 70. Qd4 Qc7+ 71. Kb3 Qd8 72. Qe5+ Kg2 73. Qe8 1-0


[Site "https://www.chess.com"]